 Dungeon Crawl Stone Soup version 0.30-a0-149-g7f746667c4 (webtiles) character file.

Game seed: 3044142121954287085

7252 purpskrrrp the Grappler (level 10, -2/103 (104) HPs)
             Began as a Troll Berserker on Sept 26, 2022.
             Was a High Priest of Trog.
             Slain by a wight
             ... wielding a +3 great sword
              (7 damage)
             ... on level 8 of the Dungeon.
             The game lasted 00:24:46 (8134 turns).

purpskrrrp the Grappler (Troll Berserker)           Turns: 8134, Time: 00:24:49

HP:   -2/103 (104)  AC:  9    Str: 31    XL:     10   Next: 88%
MP:   9/9           EV: 10    Int:  3    God:    Trog [*****.]
Gold: 272           SH:  8    Dex:  9    Spells: 9/9 levels left

rFire   . . .      SeeInvis .      - Unarmed
rCold   . . .      Faith    .    p - +3 kite shield
rNeg    . . .      Spirit   .    G - +0 steam dragon scales
rPois   .          Reflect  .    n - +1 hat
rElec   .          Harm     .    D - +0 cloak
rCorr   +          Rampage  .    (gloves unavailable)
Will    ++...                    (boots unavailable)
Stlth   +.........               (no amulet)
HPRegen 2.07/turn                w - ring of resist corrosion
MPRegen 0.11/turn                j - ring of flight

@: strong-willed, flying, regenerating, studying Fighting, lightly drained
A: large, unfitting armour, claws 3, regeneration 1, shaggy fur 1, tough skin 1
a: Renounce Religion, Berserk, Trog's Hand, Brothers in Arms


You were on level 8 of the Dungeon.
You worshipped Trog.
Trog was extremely pleased with you.
You visited 1 branch of the dungeon, and saw 8 of its levels.
You also visited: Sewer, Ossuary and Bailey.

You collected 548 gold pieces.
You spent 276 gold pieces at shops.

Inventory:

Hand Weapons
 q - the +10 great sword of Gozag, Riding {venom, rPois}
   (You bought it in a shop on level 4 of the Dungeon)

   It poisons the flesh of those it strikes.
   rPois:     It protects you from poison.
 t - a +0 giant spiked club of venom
 B - a +4 battleaxe
 F - the +10 bardiche of the Hidden Vale {vorpal, rN+}
   (You found it in a bailey)

   It inflicts extra damage upon your enemies.
   rN:        It protects you from negative energy.
Armour
 a - a +0 animal skin
 c - a +2 robe of positive energy
 m - a +0 crystal plate armour
 n - a +1 hat (worn)
 p - a +3 kite shield (worn)
 D - a +0 cloak (worn)
 G - +0 steam dragon scales (worn)
Jewellery
 i - a ring of fire
 j - a ring of flight (right claw)
 w - a ring of resist corrosion (left claw)
Wands
 v - a wand of roots (5)
 y - a wand of quicksilver (13)
 A - a wand of mindburst (1)
 C - a wand of charming (1)
Scrolls
 b - 6 scrolls of teleportation
 e - a scroll of butterflies
 o - 3 scrolls of poison
 x - a scroll of summoning
Potions
 d - 3 potions of flight
 f - 2 potions of attraction
 g - a potion of mutation
 h - 2 potions of heal wounds
 k - 2 potions of ambrosia
 l - 5 potions of cancellation
 r - a potion of might
 s - 4 potions of curing
 u - a potion of haste
 E - 2 potions of brilliance


   Skills:
 * Level 7.8 Fighting
 + Level 0.0 Armour
 + Level 7.5 Dodging
 + Level 0.1 Shields
 * Level 12.3 Unarmed Combat


You had 9 spell levels left.
You didn't know any spells.
Your spell library was empty.

Dungeon Overview and Level Annotations

Branches:
Dungeon (8/15)             Temple (0/1) D:7           Sewer (visited)
Ossuary (visited)          Bailey (visited)
   Lair: D:8-11

Altars:
Dithmenos
Fedhas
Kikubaaqudgha
Nemelex Xobeh
Trog
Uskayaw
Xom

Shops:
D:3 (   D:4 (*   D:7 =

Annotations:
D:7 3 runed translucent doors, bande's ghost, novice GrFi


Innate Abilities, Weirdness & Mutations

You are too large for most types of armour.
You have claws for hands.
Your natural rate of healing is unusually fast.
You are covered in fur. (AC +1)
You have tough skin. (AC +1)


Message History

The cyan ugly thing is almost dead.
The cyan ugly thing barely misses you. You block the wight's attack.
The wight hits you with a +3 great sword!
You block the wight's attack.
You scratch the cyan ugly thing but do no damage.
The cyan ugly thing is almost dead.
The cyan ugly thing stings you! The cyan ugly thing shocks you!
You are too injured to fight recklessly!
You are too injured to fight recklessly!
You are too injured to fight recklessly!
You are too injured to fight recklessly!
You are too injured to fight recklessly!
You are too injured to fight recklessly!
You are too injured to fight recklessly!
You are too injured to fight recklessly!
You are too injured to fight recklessly!
You are too injured to fight recklessly!
You are too injured to fight recklessly!
You are too injured to fight recklessly!
You are too injured to fight recklessly!
You are too injured to fight recklessly!
Your skin crawls.
You feel strong-willed. You block the wight's attack.
The wight hits you with a +3 great sword.
The wight hits you with a +4 scimitar.
You feel drained.
The cyan ugly thing stings you but does no damage.
Your iron troll goes berserk!
The wight closely misses you. The wight barely misses you.
The wight misses you. The cyan ugly thing stings you.
The cyan ugly thing shocks you!
* * * LOW HITPOINT WARNING * * *
Okay, then.
As you read the scroll of fear, it crumbles to dust.
You assume a fearsome visage.
The cyan ugly thing looks frightened!
The wight is unaffected. x3; The wight hits you with a +1 battleaxe!
* * * LOW HITPOINT WARNING * * *
The wight closely misses you.
The wight hits you with a +3 great sword!
You die...

#........ #.....
#.#...... #.....
#.##..#.. #..... #.#
#.#...... #.....## #.#
#.###.... #.....#
#.####.###....
#.....###(...<.....).#
.##...zz#............#.#
......u@zT.............#
.#......#............###
#......#.[..........# #
........#............# #
###.....#..........†.# #
#.....#.......>....# #
##.########........###
#. #.........##
#.........##


You could see a cyan ugly thing (fleeing), 3 wights and a friendly iron troll
(summoned, berserk).

Vanquished Creatures
  A skeletal warrior (D:8)
  A hornet (D:8)
  A slime creature (D:8)
  6 yaks (D:7)
  2 vampire mosquitoes (D:8)
  A steam dragon (D:8)
  Menkaure (D:4)
  10 orc warriors (Bailey)
  A black bear (D:8)
  An ice beast (D:7)
  An ogre (D:6)
  A centaur (D:8)
  A phantom (D:5)
  2 kobold brigands (D:8)
  Blork the orc (D:4)
  5 bullfrogs
  4 elf zombies (Ossuary)
  19 wights
  2 scorpions
  A howler monkey (D:5)
  2 hounds
  A centaur zombie (Ossuary)
  4 orc priests
  A gnoll bouda (D:6)
  3 jellies
  Crazy Yiuf (D:6)
  Jessica (D:3)
  8 orc wizards
  Ijyb (D:5)
  4 iguanas
  2 mummies (Ossuary)
  Robin (D:4)
  3 gnolls (D:6)
  19 adders
  6 river rats
  A white imp (D:5)
  An ufetubus (D:5)
  An adder zombie (Ossuary)
  7 worms
  28 orcs
  12 ball pythons
  11 bats
  6 endoplasms
  3 giant cockroaches
  16 goblins
  8 hobgoblins
  5 jackals
  5 quokkas
  2 frilled lizards
  2 goblin zombies (Ossuary)
  11 hobgoblin zombies (Ossuary)
  A jackal zombie (Ossuary)
  8 kobolds
  9 kobold zombies (Ossuary)
  7 orc zombies (Ossuary)
  11 rats
  A rat zombie (Ossuary)
275 creatures vanquished.

Vanquished Creatures (collateral kills)
  An orc knight (Bailey)
  An orc warrior (Bailey)
2 creatures vanquished.

Vanquished Creatures (others)
  A steam dragon (D:8)
  A howler monkey (D:8)
  An orc wizard (D:8)
3 creatures vanquished.

Grand Total: 280 creatures vanquished

Notes
Turn   | Place    | Note
-------+----------+-------------------------------------------
     0 | D:1      | purpskrrrp the Troll Berserker began the quest for the Orb.
     0 | D:1      | Reached XP level 1. HP: 22/22 MP: 0/0
    68 | D:1      | Reached XP level 2. HP: 29/29 MP: 1/1
   533 | D:2      | Reached ** piety under Trog
   568 | D:2      | Found a blossoming altar of Fedhas.
   580 | D:2      | Reached XP level 3. HP: 33/36 MP: 2/2
   647 | D:2      | Found a faded altar of an unknown god.
   751 | D:2      | You fall into a shaft and drop 2 floors!
   780 | D:4      | Found an ancient bone altar of Kikubaaqudgha.
   793 | D:4      | Noticed Robin
   815 | D:4      | Killed Robin
   816 | D:4      | Reached skill level 4 in Unarmed Combat
   888 | D:4      | Found Yrez Socw's Lightly-Used Armoury.
   962 | D:4      | Noticed Blork the orc
   971 | D:4      | Reached XP level 4. HP: 44/44 MP: 3/3
   976 | D:4      | Killed Blork the orc
   986 | D:4      | Reached XP level 5. HP: 53/53 MP: 4/4
  1053 | D:4      | Found a glowing drain.
  1060 | Sewer    | Entered a sewer
  1075 | Sewer    | Reached *** piety under Trog
  1082 | Sewer    | Reached skill level 5 in Unarmed Combat
  1317 | Sewer    | Reached XP level 6. HP: 42/61 MP: 5/5
  2109 | D:4      | Found a hide-covered altar of Uskayaw.
  2334 | D:4      | Found a sparkling altar of Nemelex Xobeh.
  2335 | D:4      | Noticed Menkaure
  2342 | D:4      | Killed Menkaure
  2343 | D:4      | Reached skill level 6 in Unarmed Combat
  2441 | D:4      | Found Buimmak's Antique Weapon Boutique.
  2758 | D:4      | Reached XP level 7. HP: 68/68 MP: 6/6
  2874 | D:3      | Noticed Jessica
  2884 | D:3      | Killed Jessica
  2884 | D:3      | Reached **** piety under Trog
  2931 | D:3      | Found Rarpheph's Antique Weapon Shoppe.
  3753 | D:5      | Entered Level 5 of the Dungeon
  3771 | D:5      | Reached skill level 7 in Unarmed Combat
  3922 | D:5      | Reached XP level 8. HP: 79/79 MP: 7/7
  4032 | D:4      | Bought an ancient great sword for 276 gold pieces
  4032 | D:4      | Identified the +10 great sword of Gozag, Riding {venom,
                  | rPois} (You bought it in a shop on level 4 of the Dungeon)
  4180 | D:5      | Noticed Ijyb
  4188 | D:5      | Killed Ijyb
  4969 | D:6      | Found a sand-covered staircase.
  4993 | Ossuary  | Entered an ossuary
  5039 | Ossuary  | Reached ***** piety under Trog
  5114 | Ossuary  | Reached skill level 8 in Unarmed Combat
  5172 | Ossuary  | Reached skill level 5 in Fighting
  5172 | Ossuary  | Reached skill level 5 in Dodging
  5430 | D:6      | Found a bloodstained altar of Trog.
  5515 | D:6      | Found a shimmering altar of Xom.
  5542 | D:6      | Found a shadowy altar of Dithmenos.
  5632 | D:6      | Reached XP level 9. HP: 65/88 MP: 8/8
  5661 | D:6      | Reached skill level 9 in Unarmed Combat
  5977 | D:6      | Found a runed translucent door.
  5978 | D:6      | Noticed Crazy Yiuf
  6109 | D:6      | Killed Crazy Yiuf
  6114 | D:6      | Identified the +2 hammer of the Final Chapter {drain,
                  | Dex+4}
  6209 | D:7      | Found Murirorr's Jewellery Boutique.
  6247 | D:7      | Reached skill level 10 in Unarmed Combat
  6355 | D:7      | Found a runed translucent gate.
  6355 | D:7      | Found a runed translucent gate.
  6355 | D:7      | Found a runed translucent gate.
  6476 | D:7      | Found a staircase to the Ecumenical Temple.
  7074 | D:7      | Noticed bande's ghost (novice GrFi)
  7111 | D:8      | Reached XP level 10. HP: 87/100 MP: 9/9
  7123 | D:8      | Noticed a cyan ugly thing
  7124 | D:8      | Noticed a skeletal warrior
  7217 | D:8      | Reached skill level 11 in Unarmed Combat
  7310 | D:8      | Found a flagged portal.
  7334 | Bailey   | Entered a bailey
  7597 | Bailey   | Reached ****** piety under Trog
  7692 | Bailey   | Noticed an orc knight
  7696 | Bailey   | Received a gift from Trog
  7697 | Bailey   | Killed an orc knight
  7706 | Bailey   | Identified the +10 bardiche of the Hidden Vale {vorpal,
                  | rN+}
  8002 | D:8      | Killed a skeletal warrior
  8003 | D:8      | Reached skill level 12 in Unarmed Combat
  8134 | D:8      | HP: 5/103 [wight/+1 battleaxe (12)]
  8134 | D:8      | Slain by a wight

Illustrated notes

Levels and vault maps discovered:
D:1:      amcnicky_arrival_flooded_fountain, layout_rooms
D:2:      layout_loops_ring, hellmonk_ecumenical_altar_slurped_away,
          basic_altar, dk_noncrumbling_2
D:3:      layout_rooms, serial_shops, nicolae_shop_statue_plus, uniq_jessica
D:4:      layout_basic, mainiacjoe_overflow_24_doors,
          mainiacjoe_overflow_alcove_1, mainiacjoe_overflow_alcove_2,
          lightli_sewer_entry_pipes, serial_shops, nicolae_shop_trees,
          minmay_shop_damaged, roderic_st_hans_cross, uniq_menkaure, uniq_robin,
          uniq_blork_the_orc
D:5:      layout_layer_cave, uniq_ijyb
D:6:      layout_loops_ring, mainiacjoe_overflow_chevrons,
          nicolae_dithmenos_the_darkroom, trog_book,
          nicolae_ossuary_entry_ruins, uniq_crazy_yiuf_cottage
D:7:      layout_basic, minmay_temple_entry_offerings, serial_shops,
          nicolae_shop_hallway_stairs, gammafunk_ghost_necromancy,
          reono_crystal_passage
D:8:      nzn_winding_woodlands_small [nzn_winding_woodlands_5x15_sawtooth,
          nzn_winding_woodlands_center_triple_pond,
          nzn_winding_woodlands_5x15_jagged], layout_basic,
          mainiacjoe_overflow_six_doors_small, enter_bailey_5, nzn_random_ring

Skill      XL: |  1  2  3  4  5  6  7  8  9 10 |
---------------+-------------------------------+-----
Unarmed Combat | 4 5 6 7 8 10 12 | 12.3
Fighting       | 3 4 5 6 7 |  7.8
Dodging        | 3 4 5 6 7 |  7.5
Shields        | |  0.1

Action                   |  1- 3 |  4- 6 |  7- 9 | 10-12 || total
-------------------------+-------+-------+-------+-------++-------
Melee: Unarmed           |   112 |   164 |   356 |   132 ||   764
       Punch             |       |     1 |       |       ||     1
Invok: Berserk           |     1 |       |     1 |     2 ||     4
       Trog's Hand       |       |     1 |     1 |     2 ||     4
       Brothers in Arms  |       |       |       |     2 ||     2
  Use: Scroll            |     6 |       |    19 |     3 ||    28
       Potion            |       |     4 |       |     2 ||     6
Armor: Animal skin       |    40 |    66 |    16 |       ||   122
       Robe              |       |       |   102 |    45 ||   147
       Steam dragon scal |       |       |       |     1 ||     1
Dodge: Dodged            |    64 |   134 |   121 |    86 ||   405
Block: Kite shield       |       |     2 |    87 |    77 ||   166

Table legend: (Time is in decaauts)
 A = Elapsed time spent in this place.
 B = Non-inter-level travel time spent in this place.
 C = Inter-level travel time spent in this place.
 D = Time resting spent in this place.
 E = Time spent auto-exploring this place.
 F = Levels seen in this place.
 G = Mean time per level.
                   A        B        C        D        E       F      G
               +--------+--------+--------+--------+--------+-----+--------+
         Total |   8438 |   7940 |    498 |    253 |   5193 |  11 |  767.1 |
       Dungeon |   6470 |   5972 |    498 |    134 |   4504 |   8 |  808.8 |
         Sewer |   1237 |   1237 |      0 |      0 |    479 |   1 | 1237.0 |
       Ossuary |    237 |    237 |      0 |      0 |     90 |   1 |  237.0 |
        Bailey |    492 |    492 |      0 |    119 |    119 |   1 |  492.0 |
               +--------+--------+--------+--------+--------+-----+--------+

Top non-repeatable levels by time:
   Sewer: 1237 daAuts
     D:4: 1209 daAuts
     D:5: 1147 daAuts
     D:6: 1038 daAuts
     D:7: 1029 daAuts
     D:2: 703 daAuts
     D:3: 505 daAuts
  Bailey: 492 daAuts
     D:8: 423 daAuts
     D:1: 412 daAuts
 Ossuary: 237 daAuts
